 Dungeon Crawl Stone Soup version 0.25-a0-860-gf695395b5c (webtiles) character file.

Game seed: 5074707717850824890, levelgen mode: deterministic

19 Esekla the Ducker (level 2, -5/13 HPs)
             Began as a Spriggan Ice Elementalist on Apr 27, 2020.
             Killed by divine providence
             ... invoked by an orc priest
              (16 damage)
             ... on level 7 of the Dungeon.
             The game lasted 00:12:18 (1385 turns).

Esekla the Ducker (Spriggan Ice Elementalist)       Turns: 1385, Time: 00:12:19

Health: -5/13      AC:  2    Str:  4    XL:     2   Next: 55%
Magic:  7/7        EV: 19    Int: 16    God:
Gold:   149        SH:  0    Dex: 16    Spells: 6/7 levels left

rFire    . . .     SeeInvis +   b - +0 dagger
rCold    . . .     Gourm    .   (shield restricted)
rNeg     . . .     Faith    .   a - +0 robe
rPois    .         Spirit   .   (helmet restricted)
rElec    .         Reflect  .   (no cloak)
rCorr    .         Harm     .   (gloves unavailable)
MR       .....                  (boots unavailable)
Stlth    ++........             k - amulet of regeneration
HPRegen  0.44/turn              l - ring of flight
MPRegen  0.10/turn              (no ring)

@: very quick
A: very small, unfitting armour, see invisible, herbivore, speed 3, slow
metabolism 2
a: Evoke Flight


You were on level 7 of the Dungeon.
You were not hungry.

You visited 1 branch of the dungeon, and saw 7 of its levels.

You collected 182 gold pieces.
You spent 33 gold pieces at shops.

Inventory:

Hand Weapons
 b - a +0 dagger (weapon)
Armour
 a - a +0 robe (worn)
Jewellery
 k - an amulet of regeneration (around neck)
 l - a ring of flight (left hand)
Scrolls
 d - 4 scrolls of teleportation
 f - 2 scrolls of immolation
 g - 3 scrolls of identify {unknown}
 i - 2 scrolls of remove curse
 j - 2 scrolls of fear {unknown}
 n - a scroll of enchant weapon {unknown}
 q - a scroll of silence {unknown}
Potions
 e - 3 potions of heal wounds {unknown}
 h - 4 potions of curing {unknown}
 m - a potion of flight {unknown}
 o - 2 potions of might {unknown}
 p - a potion of lignification {unknown}
 r - a potion of magic {unknown}
Comestibles
 c - 5 rations


   Skills:
 * Level 3.8 Dodging
 + Level 3.2 Stealth
 * Level 3.3 Spellcasting
 - Level 3.2 Ice Magic


You had 6 spell levels left.
You knew the following spells:

 Your Spells              Type           Power        Failure   Level  Hunger
a - Freeze                Ice            ##..         4%          1    None

Your spell library contained the following spells:

 Spells                   Type           Power        Failure   Level  Hunger
 Frozen Ramparts          Ice            ##....       14%         3    ###....
 Beastly Appendage        Tmut           #.....       19%         1    None
 Sticks to Snakes         Tmut           #.......     26%         2    ##.....
 Ozocubu's Armour         Chrm/Ice       #.......     28%         3    ###....
 Spider Form              Tmut/Pois      #.........   47%         3    ###....
 Hailstorm                Conj/Ice       #.......     67%         4    ####...
 Ice Form                 Ice/Tmut       #.......     67%         4    ####...
 Summon Ice Beast         Ice/Summ       #.......     67%         4    ####...
 Blade Hands              Tmut           #.........   99%         5    ######.


Dungeon Overview and Level Annotations

Branches:
Dungeon (7/15)
 Temple: D:4-7

Altars:
Cheibriados
Nemelex Xobeh
Okawaru
Uskayaw

Shops:
D:4 *

Annotations:
D:3 Grinder, Jessica


Innate Abilities, Weirdness & Mutations

You are very small and have problems with some larger weapons.
You are too small for most types of armour.
You have supernaturally acute eyesight. (SInv)
You are a herbivore.
You cover ground extremely quickly.
You need to consume almost no food.


Message History

Found a murky green potion.
The bullfrog swells and bulges.
Found a halberd.
A shadow imp comes into view.
Found 9 gold pieces.
An orc comes into view.
You see here a murky green potion.
r - a murky green potion You hit the shadow imp but do no damage.
The shadow imp hits you.
You barely miss the shadow imp. The shadow imp completely misses you.
You closely miss the shadow imp. The shadow imp hits you.
An orc priest and an orc wizard come into view.
The orc wizard shouts!
The orc priest shouts!
An orc priest comes into view. It is wielding a +0 club.
The orc shouts!
The orc priest mumbles some strange prayers to Beogh against you.
Beogh smites you!
Ouch! That really hurt!
You die...

#.........##.##############.#
#...S.....##.# #
###+############ #># #$ #.#
.# #.# ##. ##
####.########.##.##
...........Z#.#.#.#
###########...5#@.#
#.#.F.#...# #...#....#?...
#....#.)...#.. #......#..oo..
#.#.......#... #...........o.
#...........o. ##### #######


You could see a bullfrog, 2 orc priests, an orc wizard and an orc.

Vanquished Creatures
  An adder (D:3)
  4 bats (D:1)
  2 goblins
  A ball python (D:4)
  2 kobolds (D:3)
  A rat (D:1)
11 creatures vanquished.

Notes
Turn   | Place    | Note
-------+----------+-------------------------------------------
     0 | D:1      | Esekla the Spriggan Ice Elementalist began the quest for
                  | the Orb.
     0 | D:1      | Reached XP level 1. HP: 9/9 MP: 5/5
   521 | D:3      | Noticed Grinder
   528 | D:3      | Noticed Jessica
   606 | D:3      | Reached XP level 2. HP: 13/13 MP: 5/7
   832 | D:4      | Noticed an ogre
   952 | D:4      | Found a snail-covered altar of Cheibriados.
   961 | D:4      | Found Umepnusk's General Store.
   981 | D:4      | Bought a scroll of remove curse for 33 gold pieces
  1021 | D:4      | Found an iron altar of Okawaru.
  1103 | D:4      | Found a sparkling altar of Nemelex Xobeh.
  1135 | D:5      | Entered Level 5 of the Dungeon
  1164 | D:5      | Noticed a centaur
  1177 | D:5      | Noticed a centaur
  1185 | D:6      | Found a hide-covered altar of Uskayaw.
  1185 | D:6      | Noticed a bullfrog
  1210 | D:6      | Noticed a troll
  1214 | D:6      | Noticed a sky beast
  1257 | D:7      | Noticed an ice beast
  1293 | D:7      | Noticed a howler monkey
  1293 | D:7      | Noticed a howler monkey
  1368 | D:7      | Noticed a bullfrog
  1385 | D:7      | Killed from afar by an orc priest

Levels and vault maps discovered:
D:1:      nzn_arrival_crosshair, layout_basic, kennysheep_nondescript
D:2:      layout_rooms, lemuel_doored_altar, first_ration, tgw_fedhas
D:3:      layout_loops_cross, marbit_many_paths, uniq_sigmund, uniq_jessica,
          uniq_grinder
D:4:      minmay_angry_zag, layout_cave_pods, grunt_qazlal_clouds,
          nicolae_overflow_hidden_temple, cheibriados_altar_1, minitemple,
          serial_shops, shop_statue, okawaru_trees_1
D:5:      layout_rooms, basic_altar
D:6:      layout_rooms, grunt_temple_overflow_lords_of_destruction,
          yredelemnul_altar_generic, grunt_temple_overflow_open,
          minmay_temple_entry_glassed_door, basic_altar, uniq_menkaure
D:7:      layout_basic, chequers_ossuary_entry_cave, minmay_misc_feat_tiny,
          grunt_ogre_cave, minmay_increasing_density

Skill      XL: |  1 |
---------------+----+-----
Spellcasting   | 3 |  3.3
Dodging        | |  3.8
Stealth        | |  3.2
Ice Magic      | |  3.2

Action                   || total
-------------------------++-------
Melee: Dagger            ||    14
 Cast: Freeze            ||    17
  Use: Scroll            ||     2
Armor: Robe              ||    10
Dodge: Dodged            ||   100

Table legend:
 A = Non-vault XP
 B = Vault XP
 C = Vault XP percentage of total XP
 D = Non-vault monster count
 E = Vault monster count
 F = Vault count percentage of total count
                 A         B        C        D         E       F
            +---------+---------+-------+---------+---------+-------
      Total |      27 |       1 |   3.6 |      10 |       1 |   9.1
            +---------+---------+-------+---------+---------+-------
        D:1 |      10 |       0 |   0.0 |       6 |       0 |   0.0
        D:3 |      17 |       0 |   0.0 |       4 |       0 |   0.0
        D:4 |       0 |       1 | 100.0 |       0 |       1 | 100.0
            +---------+---------+-------+---------+---------+-------
